 Dungeon Crawl Stone Soup version 0.21.1-1-g345015f (webtiles) character file.

33177 suicidejoker the Blocker (level 13, -7/104 HPs)
             Began as a Minotaur Fighter on May 4, 2018.
             Was a High Priest of the Shining One.
             Killed by divine providence
             ... invoked by a meliai
              (14 damage)
             ... on level 15 of the Dungeon.
             The game lasted 00:37:51 (14685 turns).

suicidejoker the Blocker (Minotaur Fighter)        Turns: 14685, Time: 00:37:52

Health: -7/104     AC: 14    Str: 24    XL:     13   Next: 35%
Magic:  20/20      EV: 16    Int: 14    God:    the Shining One [*****.]
Gold:   677        SH: 18    Dex: 13    Spells: 12/12 levels left

rFire    . . .     SeeInvis .   T - +10 flail of Anlearpho {freeze, Fragile MR+ Int+7}
rCold    + . .     Gourm    .   c - +0 shield
rNeg     + + .     Faith    .   X - +0 troll leather armour
rPois    .         Spirit   .   (helmet restricted)
rElec    .         Reflect  +   n - +0 cloak
rCorr    .         Harm     .   o - +2 pair of gloves {archery}
MR       +....     Clarity  +   G - +0 pair of boots
Stlth    ..........             p - +5 amulet of reflection
HPRegen  0.67/turn              l - +3 ring of strength
MPRegen  0.17/turn              U - ring of loudness (curse)

@: glowing
A: retaliatory headbutt, horns 2, yellow scales 1, blink, clarity, clever 1,
cold resistance 1, frail 1, screaming 1, weak 1, sturdy frame 1
a: Blink, Divine Shield, Cleansing Flame, Summon Divine Warrior, Renounce
Religion


You were on level 15 of the Dungeon.
You worshipped the Shining One.
The Shining One was extremely pleased with you.
You were hungry.

You visited 1 branch of the dungeon, and saw 15 of its levels.

You collected 761 gold pieces.
You spent 84 gold pieces at shops.

Inventory:

Hand Weapons
 a - a +2 long sword
 b - a +0 shortbow of flaming
 m - a +0 dagger of protection
 r - a +2 antimagic flail
 u - a cursed +2 great sword
 v - a +0 blowgun
 K - a +1 hunting sling of freezing
 P - a +0 long sword of electrocution
 R - a +0 longbow
 T - the +10 flail of Anlearpho (weapon) {freeze, Fragile MR+ Int+7}
   (You found it on level 13 of the Dungeon)

   It has been specially enchanted to freeze those struck by it, causing extra
   injury to most foes and up to half again as much damage against particularly
   susceptible opponents.
   It can also slow down cold-blooded creatures.
   It affects your intelligence (+7).
   It affects your resistance to hostile enchantments.
   It will be destroyed if unequipped.
 V - a +2 dagger of electrocution
Missiles
 j - 3 tomahawks
 k - 479 stones
 s - 105 bolts
 w - 75 poisoned needles
 x - 6 javelins
 z - 14 curare-tipped needles
 D - 277 arrows
 O - a throwing net
 S - 4 silver javelins (quivered)
 Z - 7 poisoned tomahawks
Armour
 c - a +0 shield (worn)
 n - a +0 cloak (worn)
 o - a +2 pair of gloves of archery (worn)
 G - a +0 pair of boots (worn)
 Q - a +0 plate armour
 X - a +0 troll leather armour (worn)
Jewellery
 i - a +2 ring of dexterity
 l - a +3 ring of strength (left hand)
 p - a +5 amulet of reflection (around neck)
 L - an uncursed ring of fire
 M - an uncursed ring of fire
 U - a cursed ring of loudness (right hand)
Wands
 C - a wand of digging (11)
 N - a wand of iceblast (5)
Scrolls
 g - 6 scrolls of identify
 h - 12 scrolls of teleportation
 t - 2 scrolls of enchant weapon
 y - a scroll of immolation
 B - 4 scrolls of amnesia
 E - a scroll of magic mapping
 H - 2 scrolls of remove curse
 J - a scroll of fog
Potions
 e - 3 potions of agility
 q - a potion of brilliance
 A - 2 potions of invisibility
 F - 2 potions of lignification
 I - a potion of haste
 W - a potion of resistance
Comestibles
 f - 19 rations


   Skills:
 + Level 11.0 Fighting
 - Level 9.8 Long Blades
 * Level 6.3 Maces & Flails
 - Level 7.0 Bows
 + Level 11.0 Armour
 + Level 8.3 Dodging
 + Level 11.1 Shields
 * Level 10.8 Invocations


You had 12 spell levels left.
You didn't know any spells.

Dungeon Overview and Level Annotations

Branches:
Dungeon (15/15)            Temple (0/1) D:4            Lair (0/6) D:11
    Orc (0/2) D:10         Vaults (0/5) D:13
 Depths: D:15

Altars:
Ashenzari
Fedhas
Hepliaklqana
Makhleb
Okawaru
Qazlal
Ru
Uskayaw
Vehumet
Xom
Yredelemnul
The Shining One

Shops:
D:5 *   D:6 =

Annotations:
D:15 Kirke


Innate Abilities, Weirdness & Mutations

You reflexively headbutt those who attack you in melee.
You have a pair of horns on your head.
You are partially covered in yellow scales. (AC +2)
You can translocate small distances at will.
You possess an exceptional clarity of mind.
Your mind is acute. (Int +2)
Your flesh is cold resistant. (rC+)
You are frail. (-10% HP)
You occasionally shout uncontrollably at your foes.
You are weak. (Str -2)
Your movements are slightly less encumbered by armour. (ER -2)


Message History

* * * LOW HITPOINT WARNING * * *
You shout at the warg!
A warg comes into view.
The warg howls!
Cornered, the hippogriff turns to fight!
Kirke casts a spell at you.
You easily resist.
An orc knight comes into view. It is wielding a long sword.
The meliai calls down the wrath of its god upon you.
Something smites you!
* * * LOW HITPOINT WARNING * * *
The meliai mumbles some strange prayers to its god against you.
Something smites you!
* * * LOW HITPOINT WARNING * * *
Okay, then.
As you read the scroll of fog, it crumbles to dust.
The scroll dissolves into smoke.
The meliai calls down the wrath of its god upon you.
Something smites you!
You die...

..##.##. #..#...#.
#############....... ##
...............#.... ##...
#####.#######..##..## .....
### #.#.....#.......###h.##
..# #.#.###.#..§##..#Hh.(.#o
..# #..<....##.§#§..O.y....h.
..############§§@§§k@.#O..#..
..+............§#§§)#.##.##
..#..###..####§§##§##......
...<## ##..####.......###.#.
...## ##...........$..... +
...# #######.########.#. ...#
#.# ##.# #.# #.# #..


You could see a two-headed ogre, a hippogriff, a hog, a warg and a meliai.

Vanquished Creatures
  The ghost of Timbabwe the Geomancer, a journeyman GrEE of Sif Muna (D:12)
  The ghost of mole0619 the Blocker, a journeyman GrFi of the Shining One (D:15)
  2 hydras (D:14)
  4 vault guards (D:13)
  3 centaur warriors
  The ghost of 21cats the Covert, a journeyman OpAs of Dithmenos (D:9)
  6 two-headed ogres
  2 unseen horrors (D:14)
  The ghost of doroboNeko the Conjurer, a novice OpWz (D:6)
  3 deep elf magi
  10 ugly things
  A manticore (D:14)
  A gargoyle (D:13)
  A komodo dragon (D:12)
  A freezing wraith (D:14)
  3 trolls
  2 meliai
  Grinder (D:6)
  Prince Ribbit (D:6)
  2 slime creatures (D:14)
  2 hippogriffs
  A hippogriff (shapeshifter) (D:14)
  A wyvern (D:8)
  A vampire (D:14)
  A hog (D:15)
  2 steam dragons
  3 vampire mosquitoes (D:14)
  Edmund (D:6)
  3 water moccasins
  Duvessa (D:6)
  A soldier ant (D:13)
  An eye of draining (shapeshifter) (D:14)
  5 orc warriors
  A black bear (D:8)
  5 ice beasts
  5 ogres
  A necrophage (D:8)
  5 sky beasts
  An eye of draining (D:13)
  3 phantoms
  4 centaurs
  A crocodile (D:10)
  The ghost of Golfball the Chopper, an amateur GrFi (D:3)
  2 big kobolds
  12 bullfrogs
  Dowan (D:6)
  6 scorpions
  5 wights (D:14)
  2 electric eels (D:7)
  6 howler monkeys
  A centaur zombie (D:7)
  2 bullfrog zombies
  7 crimson imps
  4 hounds
  2 jellies
  A quasit (D:13)
  5 centaur skeletons
  8 orc priests
  2 gnoll shamans
  2 bullfrog skeletons
  13 orc wizards
  4 iguanas
  11 worker ants
  A hound skeleton (D:9)
  A worker ant zombie (D:11)
  14 gnolls
  11 adders
  5 shadow imps
  2 oozes
  5 worms
  An adder skeleton (D:4)
  2 dart slugs
  3 leopard geckos
  40 orcs
  A ball python (D:3)
  9 bats
  6 giant cockroaches
  15 goblins
  7 hobgoblins
  6 jackals (D:3)
  11 kobolds
  4 quokkas
  5 frilled lizards
  A goblin skeleton (D:3)
  A goblin zombie (D:3)
  A kobold skeleton (D:3)
  A leopard gecko skeleton (D:8)
  A quokka zombie (D:5)
  5 rats
352 creatures vanquished.

Vanquished Creatures (others)
  A cyclops (D:12)
  An eye of draining (D:12)
  2 centaurs
  An adder (D:12)
  A goblin (D:3)
  3 kobolds (D:7)
9 creatures vanquished.

Grand Total: 361 creatures vanquished

Notes
Turn   | Place    | Note
-------+----------+-------------------------------------------
     0 | D:1      | suicidejoker the Minotaur Fighter began the quest for the Orb.
     0 | D:1      | Reached XP level 1. HP: 19/19 MP: 0/0
   120 | D:1      | Reached XP level 2. HP: 23/27 MP: 1/1
   856 | D:2      | Reached XP level 3. HP: 29/33 MP: 2/2
  1184 | D:2      | Reached XP level 4. HP: 9/40 MP: 3/3
  1186 | D:2      | Gained mutation: Scrolls take you a little longer to read. [potion of mutation]
  1186 | D:2      | Gained mutation: You are frail. (-10% HP) [potion of mutation]
  1186 | D:2      | Gained mutation: You have a pair of large horns on your head. [potion of mutation]
  1541 | D:1      | Lost mutation: Scrolls take you a little longer to read. [potion of mutation]
  1541 | D:1      | Lost mutation: You have a pair of large horns on your head. [potion of mutation]
  1541 | D:1      | Gained mutation: Your body sometimes deteriorates upon taking damage. [potion of mutation]
  1541 | D:1      | Gained mutation: You do not regenerate when monsters are visible. [potion of mutation]
  1541 | D:1      | Gained mutation: You possess an exceptional clarity of mind. [potion of mutation]
  1541 | D:1      | Gained mutation: You have large cloven feet. [potion of mutation]
  1898 | D:2      | Found a glowing golden altar of the Shining One.
  2121 | D:2      | Became a worshipper of the Shining One
  2164 | D:3      | Reached XP level 5. HP: 42/42 MP: 4/4
  2288 | D:3      | Noticed Golfball's ghost (amateur GrFi)
  2297 | D:3      | Reached skill level 5 in Armour
  2298 | D:3      | Killed Golfball's ghost
  2298 | D:3      | Reached skill level 5 in Fighting
  2298 | D:3      | Reached skill level 5 in Shields
  2298 | D:3      | Reached XP level 6. HP: 27/50 MP: 5/5
  2480 | D:3      | Found a runed door.
  2480 | D:3      | Noticed a human
  2735 | D:3      | Reached * piety under the Shining One
  2736 | D:3      | Found a basalt altar of Yredelemnul.
  2766 | D:3      | Lost mutation: You have large cloven feet. [potion of mutation]
  2766 | D:3      | Lost mutation: You are frail. (-10% HP) [potion of mutation]
  2766 | D:3      | Lost mutation: You do not regenerate when monsters are visible. [potion of mutation]
  2766 | D:3      | Gained mutation: Your mind is acute. (Int +2) [potion of mutation]
  2766 | D:3      | Gained mutation: You are partially covered in iridescent scales. (AC +2) [potion of mutation]
  2766 | D:3      | Gained mutation: You are weak. (Str -2) [potion of mutation]
  2766 | D:3      | Gained mutation: Your flesh is cold resistant. (rC+) [potion of mutation]
  3028 | D:4      | Found a staircase to the Ecumenical Temple.
  3059 | D:4      | Reached skill level 5 in Long Blades
  3059 | D:4      | Reached XP level 7. HP: 62/62 MP: 6/6
  3153 | D:4      | Found a sacrificial altar of Ru.
  3664 | D:4      | Found a burning altar of Makhleb.
  3734 | D:5      | Entered Level 5 of the Dungeon
  3866 | D:5      | Found Utokhluq's Assorted Antiques.
  3869 | D:5      | Bought a glowing sapphire potion for 27 gold pieces
  3869 | D:5      | Bought a fuming green potion for 27 gold pieces
  3869 | D:5      | Bought a scroll labeled NINWIU WAFENES for 30 gold pieces
  3931 | D:5      | Reached XP level 8. HP: 61/71 MP: 7/7
  4055 | D:5      | Found a blossoming altar of Fedhas.
  4390 | D:6      | Found Amudobem's Jewellery Boutique.
  4430 | D:6      | Noticed Prince Ribbit
  4430 | D:6      | Reached skill level 1 in Invocations
  4433 | D:6      | Killed Prince Ribbit
  4433 | D:6      | Reached skill level 1 in Bows
  4433 | D:6      | Reached skill level 1 in Dodging
  4545 | D:6      | Found a stormy altar of Qazlal.
  4550 | D:6      | Noticed Dowan
  4551 | D:6      | Noticed Duvessa
  4560 | D:6      | Killed Duvessa
  4568 | D:6      | Killed Dowan
  4603 | D:6      | HP: 3/71 [poisoned by Duvessa]
  5024 | D:6      | Noticed doroboNeko's ghost (novice OpWz)
  5036 | D:6      | Killed doroboNeko's ghost
  5036 | D:6      | Reached XP level 9. HP: 68/79 MP: 8/10
  5098 | D:6      | Noticed Grinder
  5105 | D:6      | Killed Grinder
  5293 | D:6      | Noticed Edmund
  5303 | D:6      | Killed Edmund
  5369 | D:6      | Found an iron altar of Okawaru.
  5651 | D:7      | Reached ** piety under the Shining One
  5976 | D:7      | Lost mutation: Your body sometimes deteriorates upon taking damage. [potion of mutation]
  5976 | D:7      | Lost mutation: You are partially covered in iridescent scales. (AC +2) [potion of mutation]
  5976 | D:7      | Gained mutation: You are partially covered in molten scales. (AC +2) [potion of mutation]
  5976 | D:7      | Gained mutation: Your mind is very acute. (Int +4) [potion of mutation]
  5976 | D:7      | Gained mutation: Your movements are slightly less encumbered by armour. (ER -2) [potion of mutation]
  6468 | D:7      | Reached skill level 5 in Invocations
  7297 | D:8      | Found a basalt altar of Yredelemnul.
  7408 | D:8      | Found a radiant altar of Vehumet.
  7411 | D:8      | Lost mutation: Your mind is very acute. (Int +4) [potion of mutation]
  7411 | D:8      | Lost mutation: You are partially covered in molten scales. (AC +2) [potion of mutation]
  7411 | D:8      | Gained mutation: You are frail. (-10% HP) [potion of mutation]
  7411 | D:8      | Gained mutation: You are partially covered in yellow scales. (AC +2) [potion of mutation]
  7411 | D:8      | Gained mutation: You occasionally shout uncontrollably at your foes. [potion of mutation]
  7411 | D:8      | Gained mutation: You can translocate small distances at will. [potion of mutation]
  7477 | D:8      | Reached XP level 10. HP: 79/79 MP: 13/13
  7781 | D:8      | Noticed a two-headed ogre
  7787 | D:8      | Killed a two-headed ogre
  8074 | D:9      | Noticed a two-headed ogre
  8074 | D:9      | Reached *** piety under the Shining One
  8081 | D:9      | Killed a two-headed ogre
  8312 | D:9      | Noticed 21cats's ghost (journeyman OpAs)
  8333 | D:9      | Killed 21cats's ghost
  8333 | D:9      | Reached skill level 5 in Bows
  8333 | D:9      | Reached skill level 5 in Dodging
  8544 | D:9      | Noticed a hand axe
  8544 | D:9      | Noticed a hand axe
  8545 | D:9      | Found a hide-covered altar of Uskayaw.
  8558 | D:9      | Found a hazy altar of Hepliaklqana.
  8630 | D:9      | Found a shattered altar of Ashenzari.
  8769 | D:9      | Found a shimmering altar of Xom.
  8860 | D:10     | Entered Level 10 of the Dungeon
  8961 | D:10     | Noticed a centaur warrior
  8961 | D:10     | Noticed a two-headed ogre
  8973 | D:10     | Killed a centaur warrior
  8973 | D:10     | Reached XP level 11. HP: 81/87 MP: 15/15
  8986 | D:10     | Killed a two-headed ogre
  9178 | D:10     | Found a staircase to the Orcish Mines.
  9889 | D:11     | Noticed a deep elf mage
  9902 | D:11     | Killed a deep elf mage
 10019 | D:11     | Reached **** piety under the Shining One
 10041 | D:11     | Found a staircase to the Lair.
 10793 | D:12     | Noticed Timbabwe's ghost (journeyman GrEE)
 10845 | D:12     | Killed Timbabwe's ghost
 11377 | D:12     | Noticed a deep elf mage
 11388 | D:12     | Killed a deep elf mage
 11754 | D:13     | Found a gate to the Vaults.
 11754 | D:13     | Noticed a centaur warrior
 11754 | D:13     | Noticed a vault guard
 11754 | D:13     | Noticed a vault guard
 11754 | D:13     | Noticed a vault guard
 11754 | D:13     | Noticed a vault guard
 11754 | D:13     | Noticed a deep elf mage
 11766 | D:13     | Killed a vault guard
 11767 | D:13     | Killed a vault guard
 11780 | D:13     | Killed a deep elf mage
 11780 | D:13     | Reached XP level 12. HP: 17/95 MP: 13/17
 11782 | D:13     | Killed a vault guard
 11782 | D:13     | Reached skill level 10 in Shields
 11787 | D:13     | Killed a centaur warrior
 11787 | D:13     | Reached skill level 10 in Fighting
 11787 | D:13     | Reached skill level 10 in Armour
 11803 | D:13     | Killed a vault guard
 12122 | D:13     | Noticed a centaur warrior
 12135 | D:13     | Killed a centaur warrior
 12252 | D:13     | Got a scorched flail
 12253 | D:13     | Identified the +10 flail of Anlearpho {freeze, Fragile MR+ Int+7} (You found it on level 13 of the Dungeon)
 12371 | D:13     | Reached skill level 1 in Maces & Flails
 12636 | D:13     | Noticed a two-headed ogre
 12641 | D:13     | Killed a two-headed ogre
 13185 | D:14     | Reached skill level 10 in Invocations
 13395 | D:14     | Noticed a seven-headed hydra
 13395 | D:14     | Reached ***** piety under the Shining One
 13401 | D:14     | Killed a seven-headed hydra
 13689 | D:14     | Noticed a two-headed ogre
 13695 | D:14     | Killed a two-headed ogre
 13706 | D:14     | Reached XP level 13. HP: 85/102 MP: 19/19
 13798 | D:14     | Reached skill level 5 in Maces & Flails
 14475 | D:15     | Entered Level 15 of the Dungeon
 14480 | D:15     | Noticed mole0619's ghost (journeyman GrFi)
 14510 | D:15     | Killed mole0619's ghost
 14671 | D:15     | Noticed Kirke
 14685 | D:15     | Killed from afar by a meliai

Skill      XL: |  1  2  3  4  5  6  7  8  9 10 11 12 13 |
---------------+----------------------------------------+-----
Fighting       | 4 5 6 7 8 9 10 11 | 11.0
Shields        | 4 5 6 7 8 9 10 11 | 11.1
Armour         | 4 5 6 7 8 9 10 11 | 11.0
Long Blades    | 3 4 5 6 7 8 9 |  9.8
Invocations    | 3 5 7 8 10 | 10.8
Bows           | 2 4 5 6 7 |  7.0
Dodging        | 2 4 5 6 7 8 |  8.3
Maces & Flails | 4 6 |  6.3

Action                   |  1- 3 |  4- 6 |  7- 9 | 10-12 | 13-15 || total
-------------------------+-------+-------+-------+-------+-------++-------
Melee: Long sword        |    87 |   131 |   257 |   398 |       ||   873
       Headbutt          |    13 |    22 |    52 |   102 |    32 ||   221
       Kick              |       |    30 |       |       |       ||    30
       Flail             |       |       |       |   121 |   113 ||   234
Throw: Javelin           |       |     2 |     2 |       |       ||     4
Invok: Divine Shield     |       |       |       |     1 |       ||     1
Evoke: Wand              |       |       |    11 |    32 |     4 ||    47
       Phantom mirror    |       |       |       |     1 |       ||     1
  Use: Potion            |     2 |     6 |     5 |    10 |     1 ||    24
       Scroll            |       |       |    13 |    10 |     3 ||    26
  Eat: Ration            |       |     1 |     2 |     1 |       ||     4
       Chunk             |       |     4 |     7 |    16 |     4 ||    31
Armor: Scale mail        |    45 |    55 |    49 |       |       ||   149
       Plate armour      |       |       |     2 |   180 |    18 ||   200
       Troll leather arm |       |       |       |       |     6 ||     6
Dodge: Dodged            |    24 |    35 |    56 |   153 |    27 ||   295
Block: Shield            |    58 |    81 |   138 |   436 |    75 ||   788
       Reflection        |       |     3 |     3 |    16 |     1 ||    23
       Other             |       |       |       |     6 |       ||     6
       Rpst.: Long sword |     7 |    11 |    19 |    21 |       ||    58
